 Dungeon Crawl Stone Soup version 0.28.0-1-gb440e238dd (webtiles) character file.

Game seed: 16875229413772787819

44 experimilk the Grasshopper (level 3, 0/29 HPs)
             Began as a Palentonga Warper on Feb 27, 2022.
             Killed by divine providence
             ... invoked by an orc priest
              (14 damage)
             ... on level 3 of the Dungeon.
             The game lasted 00:07:11 (1906 turns).

experimilk the Grasshopper (Palentonga Warper)      Turns: 1906, Time: 00:07:12

Health: 0/29       AC:  6    Str: 16    XL:     3   Next: 39%
Magic:  6/6        EV: 10    Int: 13    God:
Gold:   131        SH:  0    Dex: 15    Spells: 4/6 levels left

rFire   . . .      SeeInvis +   a - +0 hand axe
rCold   . . .      Faith    .   (no shield)
rNeg    . . .      Spirit   .   b - +0 leather armour
rPois   .          Reflect  .   (no helmet)
rElec   .          Harm     .   (no cloak)
rCorr   .          Rampage  .   f - +1 pair of gloves
Will    .....                   (no barding)
Stlth   +.........              (no amulet)
HPRegen 0.09/turn               g - +6 ring of dexterity
MPRegen 0.10/turn               (no ring)

@: no status effects
A: large, rugged brown scales 3, see invisible, deformed body, roll 1, armoured
tail
a: Rolling Charge


You were on level 3 of the Dungeon.
You visited 1 branch of the dungeon, and saw 3 of its levels.

You collected 131 gold pieces.

Inventory:

Hand Weapons
 a - a +0 hand axe (weapon)
Missiles
 d - 4 boomerangs of dispersal (quivered)
 k - a throwing net
 l - 6 boomerangs
Armour
 b - a +0 leather armour (worn)
 f - a +1 pair of gloves (worn)
 h - a +0 scale mail
Jewellery
 g - a +6 ring of dexterity (left hand)
Wands
 i - a wand of iceblast (6)
Scrolls
 c - a scroll of blinking
 o - a scroll of identify {unknown}
Potions
 e - a potion of heal wounds {unknown}
 j - 2 potions of haste {unknown}
 m - 2 potions of mutation {unknown}
 n - a potion of brilliance {unknown}


   Skills:
 + Level 2.3 Fighting
 * Level 2.8 Axes
 - Level 0.6 Throwing
 - Level 0.7 Armour
 + Level 1.9 Dodging
 - Level 2.0 Spellcasting
 * Level 3.5 Translocations


You had 4 spell levels left.
You knew the following spells:

 Your Spells              Type           Power      Damage    Failure   Level
a - Blink                 Tloc           20%        N/A       11%         2

Your spell library contained the following spells:

 Spells                   Type           Power      Damage    Failure   Level
 Gell's Gravitas          Tloc           10%        N/A       22%         3
 Lesser Beckoning         Tloc           10%        N/A       22%         3
 Teleport Other           Tloc           10%        N/A       22%         3
 Manifold Assault         Tloc           10%        N/A       90%         5


Dungeon Overview and Level Annotations

Branches:
Dungeon (3/15)

Altars:


Innate Abilities, Weirdness & Mutations

You are completely covered in rugged brown scales. (AC +3, +7% HP)
You have supernaturally acute eyesight. (SInv)
Armour fits poorly on your strangely shaped body.
You can roll at nearby foes to attack.
You have a long armoured tail.


Message History

You now have 122 gold pieces (gained 17).
You start resting.
HP restored.
There is a stone staircase leading down here.
Found a shortbow.
There is a stone staircase leading up here.
A ball python comes into view.
A ball python is nearby!
The ball python hisses angrily.
You see here 9 gold pieces.
The ball python bites you but does no damage.
You barely miss the ball python. The ball python closely misses you.
The ball python bites you but does no damage.
You closely miss the ball python.
Your tail-slap misses the ball python.
The ball python completely misses you.
You closely miss the ball python.
The ball python bites you but does no damage.
The ball python misses you.
You barely miss the ball python. The ball python barely misses you.
You barely miss the ball python. The ball python closely misses you.
You hit the ball python.
You kill the ball python!
You now have 131 gold pieces (gained 9).
You see here a +0 shortbow.
You see here a +0 club.
Found 23 stones.
o - a scroll labelled LULEDOSERU An orc priest comes into view.
It is wielding a +0 dagger.
An orc priest comes into view.
It is wielding a +0 flail of protection.
The orc priest shouts! x2
An orc comes into view. It is wielding a +0 short sword.
A hobgoblin comes into view.
An orc comes into view. It is wielding a +0 dagger.
The orc priest mumbles some strange prayers to Beogh against you.
Beogh smites you!
Ouch! That really hurt!
The orc shouts!
The orc priest mumbles some strange prayers to Beogh against you.
Beogh smites you!
You die...

#.........#
#.........#
#.........# ##
#.........# #.
#.........#### #.
#.........##.### #.
#.........##...###.
##.##.##...........
#@##.##.###..####.
###.##.##......####.
#......######....##.
#...o....# ##.#..#..
#..........# #..#.....
#....o.....###...>....
#.....o....#...#......
#....o.......##...###.
#........g.#..........


You could see 2 orc priests and 2 orcs.

Vanquished Creatures
  3 worms
  A dart slug (D:2)
  5 ball pythons
  An endoplasm (D:3)
  2 goblins (D:3)
  4 jackals (D:2)
  5 quokkas (D:2)
  4 bats
  A frilled lizard (D:2)
  4 kobolds
  A rat (D:3)
31 creatures vanquished.

Notes
Turn   | Place    | Note
-------+----------+-------------------------------------------
     0 | D:1      | experimilk the Palentonga Warper began the quest for the
                  | Orb.
     0 | D:1      | Reached XP level 1. HP: 17/17 MP: 3/3
    37 | D:1      | You fall into a shaft and drop 1 floor!
   411 | D:2      | Reached XP level 2. HP: 5/23 MP: 5/5
   820 | D:2      | Learned a level 2 spell: Blink
  1461 | D:2      | Reached XP level 3. HP: 28/28 MP: 6/6
  1906 | D:3      | Killed from afar by an orc priest

Illustrated notes

Levels and vault maps discovered:
D:1:      dpeg_arrival_tiny_c, layout_loops_ring,
          chequers_ecumenical_altar_simple_redux
D:2:      layout_loops_ring, kennysheep_boxes
D:3:      layout_rooms, nicolae_elevator_lobby_asterisk

Action                   || total
-------------------------++-------
Melee: Hand axe          ||    96
       Tailslap          ||     9
       Punch             ||     1
Throw: Boomerang         ||     1
 Abil: Rolling Charge    ||    12
  Use: Scroll            ||     1
Armor: Leather armour    ||    40
Dodge: Dodged            ||    51
